Description

vs Masters 1 team

ling/bane & hellion

Replay - vs Masters 1 ling bane

Build Order

Get SALT Encoding   

  12  0:01  Drone  
  13  0:14  Drone  
  14  0:23  Extractor x2  
  14  0:26  Evolution Chamber  
  14  0:27  Drone x2  
  13  0:33  Drone  
  17  0:55  Extractor  
  17  0:56  Hatchery  
  15  1:06  Spawning Pool  
  14  1:11  Extractor  
  14  1:12  Drone  
  14  1:17  Overlord  
  15  1:26  Overlord  
  15  1:46  Drone  
  16  1:54  Zergling x4  
  18  1:58  Metabolic Boost  
  18  2:04  Zergling x2  
  18  2:08  Queen  
  19  2:10  Zergling x2  
  19  2:12  Drone  
  23  2:25  Baneling Nest  
  22  2:32  Zergling x4  
  22  2:34  Drone  
  25  2:40  Zergling x6  
  28  3:09  Zergling x2  
  29  3:16  Baneling x2  
Spawning Tool Build Advisor. Get it on Overwolf

Analysis

get better?

Go to:

Details

  • Created by: broseph
  • Published on: Sep 12, 2020
  • Modified on: Sep 12, 2020
  • Patch: 4.11.0
  • Difficulty: Medium
Show
View Real Time Build Order
Export as new Build Order

Comments (0)

There are no comments. Be the first!

Create an account to comment!